 Dungeon Crawl Stone Soup version 0.31.0-32-g396128a36d (webtiles) character file.

Game seed: 15306854710998310330

8362 RogerS the Thaumaturge (level 11, -5/76 HPs)
             Began as a Djinni Conjurer on Apr 13, 2024.
             Was a Follower of Makhleb.
             Shot with an arrow by a centaur warrior (10 damage)
             ... on level 9 of the Dungeon.
             The game lasted 01:35:47 (9369 turns).

RogerS the Thaumaturge (Djinni Conjurer)            Turns: 9369, Time: 01:35:48

Health: -5/76      AC: 15    Str:  6    XL:     11   Next: 54%
Gold:   196        EV: 18    Int: 23    God:    Makhleb [*.....] SH:  0 Dex: 13

rFire   + + .        G - staff of cold
rCold   + . .        (no shield)
rNeg    . . .        I - +0 steam dragon scales
rPois   ∞            o - +2 helmet
rElec   .            L - +1 cloak {Will+}
rCorr   .            B - +2 pair of gloves
SInv    .            (boots unavailable)
Will    +++..        (no amulet)
Stlth   ++           d - ring of protection from cold
HPRegen 0.32/turn    u - +5 ring of evasion
MPRegen 0.00/turn

%: infuse magic (-6 HP)
@: attractive, enlightened, flying
A: sickness immunity, fire resistance 2, cold vulnerability 1, float, innate
caster, HP casting, extra vitality 1, iridescent scales 1
a: Renounce Religion


You were on level 9 of the Dungeon.
You worshipped Makhleb.
Makhleb was aware of your devotion.
You visited 2 branches of the dungeon, and saw 11 of its levels.

You collected 410 gold pieces.
You spent 214 gold pieces at shops.

Inventory:

Hand Weapons
 h - a +0 dagger of venom
Missiles
 e - 64 stones
 g - 15 poisoned darts
 l - 11 javelins
 P - 3 boomerangs
 S - a curare-tipped dart
Armour
 o - a +2 helmet (worn)
 B - a +2 pair of gloves (worn)
 F - an orb of guile
 I - +0 steam dragon scales (worn)
 L - a +1 cloak of willpower (worn)
Magical Staves
 G - a staff of cold (weapon)
Jewellery
 d - a ring of protection from cold (left hand)
 r - a ring of ice
 s - an amulet of faith
 u - a +5 ring of evasion (right hand)
 N - a +6 ring of strength
Talismans
 q - a beast talisman
Wands
 a - a wand of charming (4)
 C - a wand of mindburst (10)
 K - a wand of flame (15)
 Q - a wand of digging (5)
 R - a wand of iceblast (1)
Scrolls
 f - a scroll of vulnerability {unknown}
 j - 5 scrolls of immolation
 k - a scroll of noise {unknown}
 n - a scroll of poison {unknown}
 t - 2 scrolls of enchant armour
 v - 2 scrolls of torment {unknown}
 y - a scroll of silence {unknown}
 z - 5 scrolls of identify {unknown}
 H - 2 scrolls of blinking {unknown}
 O - a scroll of brand weapon {unknown}
Potions
 b - 2 potions of enlightenment
 c - a potion of cancellation {unknown}
 i - a potion of lignification {unknown}
 m - a potion of haste {unknown}
 p - a potion of attraction
 w - 2 potions of mutation
 x - a potion of curing {unknown}
 A - a potion of heal wounds {unknown}
 D - a potion of berserk rage {unknown}
 E - 2 potions of degeneration {unknown}
 J - 2 potions of invisibility {unknown}
 M - a potion of resistance {unknown}


   Skills:
 - Level 6.0 Fighting
 + Level 2.5 Armour
 - Level 5.0 Dodging
 - Level 1.5 Stealth
 + Level 12.5 Spellcasting
 + Level 12.5 Conjurations
 + Level 12.5 Hexes
 + Level 12.5 Summonings
 + Level 12.5 Necromancy
 + Level 12.5 Translocations
 + Level 12.5 Fire Magic
 + Level 12.5 Ice Magic
 + Level 12.5 Air Magic
 + Level 12.5 Earth Magic
 + Level 12.5 Alchemy


You knew the following spells:

 Your Spells              Type           Power      Damage    Failure   Level
a - Magic Dart            Conj           100%       1d8       1%          1
b - Searing Ray           Conj           100%       2d8       1%          2
c - Fulminant Prism       Conj/Alch      32%        3d15      1%          4
d - Iskenderun's Mystic   Conj/Tloc      64%        2d13      1%          4
e - Freeze                Ice            100%       1d10      1%          1
f - Momentum Strike       Conj/Tloc      100%       3d10      1%          2
g - Teleport Other        Tloc           64%        N/A       1%          3
h - Ignite Poison         Fire/Alch      64%        N/A       1%          4
i - Passage of Golubria   Tloc           64%        N/A       1%          4
Your spell library was empty.

Dungeon Overview and Level Annotations

Branches:
Dungeon (10/15)            Temple (1/1) D:6
   Lair: D:8-11         Orc: D:9-12

Altars:
Ashenzari
Cheibriados
Dithmenos
Elyvilon
Fedhas
Hepliaklqana
Makhleb
Nemelex Xobeh
Okawaru
Qazlal
Ru
Trog
Uskayaw
Wu Jian
Xom
Yredelemnul
Zin

Shops:
D:2 [   D:7 :   D:8 *

Annotations:
Temple 4 transporters


Innate Abilities, Weirdness & Mutations

You are immune to sickness and miasma.
You are immune to poison.
Your flesh is very heat resistant. (rF++)
You are vulnerable to cold. (rC-)
You float through the air rather than walking.
You learn spells naturally, not from books.
Your magical power is your life essence.
You have superior vitality. (+4 MHP)
You are partially covered in iridescent scales. (AC +2)


Message History

You hear a shout!
Casting: Iskenderun's Mystic Blast (safe; 1% risk of failure)
Confirm with . or Enter, or press ? or * to list all spells.
Aiming: Fulminant Prism (safe; 1% risk of failure)
Press: ? - help, Dir - move target You conjure a prism of explosive energy!
A fulminant prism comes into view.
Your fulminant prism crackles loudly.
Casting: Fulminant Prism (safe; 1% risk of failure)
Confirm with . or Enter, or press ? or * to list all spells.
You erupt in a blast of force!
The mystic blast hits the two-headed ogre!
The two-headed ogre is heavily wounded.
The two-headed ogre is knocked back by the mystic blast.
A centaur comes into view.
The centaur wields a +0 orcbow.
The centaur shoots an arrow.
The arrow hits you.
Your fulminant prism explodes!
The blast of energy engulfs the two-headed ogre!!
The two-headed ogre is almost dead.
You hear a shout!
You fly upwards.
The centaur warrior shoots an arrow.
The arrow misses you.
The centaur warrior shoots an arrow.
The arrow hits you!!
* * * LOW HITPOINT WARNING * * *
There is a stone staircase leading down here.
Aiming: Charm
Press: ? - help, Shift-Dir - straight line, f - centaur warrior
Aim: a centaur warrior, wielding a +0 shortbow and wearing the ring of the Traitor {rElec rPois rN++ EV+5 Int-5} (chance to affect: 31%)
Okay, then.
Unknown command.
It was a potion of enlightenment.
You feel more buoyant.
It was a potion of mutation.
You feel extremely strange.
Iridescent scales grow over part of your body.
The centaur warrior shoots an arrow.
The arrow hits you!
* * * LOW HITPOINT WARNING * * *
It was a potion of attraction.
You feel attractive to monsters.
The centaur warrior shoots an arrow.
The arrow hits you!
You die...

#.# #......##......#
#..# #.#
#.##...##†###..###..#
#.# #.##.>.##.#
#.......# ..#.#
#.##...##.# #.......#
#.#.# #.##......#
#.......#
..#.####.##...##.#
#.......#
##.#......##...##.#
#..)....#
..#......##...##.#
#.).....#
##.#......##..@##C#
#.......###
#..#.####..c...##.#
#.......... #'.#
#......##.###....).....
.*.....#
#......##.)))..........
......##
#.##...##.*..........##
####.##
#.##...##............#
#.
#.##..[[))...........#
#.
#.##.....÷.....###...#
#. .. #.)###......#
#...#


You could see a centaur warrior.

Vanquished Creatures
  A centaur warrior (D:9)
  Pikel (D:4)
  A meliai (D:9)
  Jeremiah (D:6)
  Maggie (D:6)
  Grinder (D:3)
  A shadow (D:9)
  9 yaks
  A wyvern (D:9)
  2 steam dragons (D:8)
  4 water moccasins
  3 orc warriors
  A sky beast (D:7)
  3 black bears
  A boggart (D:9)
  An ogre (D:6)
  A centaur (D:6)
  A phantom (D:6)
  2 lemures (D:4)
  A kobold brigand (D:9)
  6 bullfrogs
  A scorpion (D:4)
  14 wights
  15 killer bees
  3 howler monkeys
  A crimson imp (D:8)
  4 jellies
  3 orc priests
  A bombardier beetle (D:5)
  4 hounds
  2 sleepcaps (D:6)
  A gnoll bouda (D:6)
  2 iguanas
  10 orc wizards
  Robin (D:3)
  3 gnolls (D:6)
  6 adders
  A white imp (D:5)
  2 ufetubi (D:4)
  3 dart slugs
  A ribbon worm (D:3)
  22 orcs
  4 bats
  8 endoplasms
  7 giant cockroaches
  10 goblins
  8 hobgoblins
  5 jackals
  2 quokkas
  6 ball pythons
  3 frilled lizards
  5 kobolds
  5 rats
206 creatures vanquished.

Vanquished Creatures (others)
  100 fulminant prisms
100 creatures vanquished.

Grand Total: 306 creatures vanquished

Notes
Turn   | Place    | Note
-------+----------+-------------------------------------------
     0 | D:1      | RogerS the Djinni Conjurer began the quest for the Orb.
     0 | D:1      | RogerS set off with the following spells memorised: Magic
                  | Dart, Searing Ray, Fulminant Prism, Iskenderun's Mystic
                  | Blast.
     0 | D:1      | Reached XP level 1. HP: 15/15 MP: 0/0
    95 | D:1      | Reached XP level 2. HP: 20/21 MP: 0/0
   352 | D:1      | Reached XP level 3. HP: 22/25 MP: 0/0
   352 | D:1      | Learned a level 1 spell: Freeze
   907 | D:2      | Found Cevot's Armour Shop.
  1214 | D:2      | Reached XP level 4. HP: 30/31 MP: 0/0
  1366 | D:3      | Noticed Robin
  1371 | D:3      | Killed Robin
  1711 | D:3      | Found a faded altar of an unknown god.
  1821 | D:3      | Found a sparkling altar of Nemelex Xobeh.
  1963 | D:3      | Found a blossoming altar of Fedhas.
  2127 | D:3      | Noticed Grinder
  2165 | D:4      | Reached XP level 5. HP: 28/35 MP: 0/0
  2165 | D:4      | Learned a level 2 spell: Momentum Strike
  2246 | D:4      | Reached skill level 5 in Spellcasting
  2246 | D:4      | Reached skill level 5 in Conjurations
  2246 | D:4      | Reached skill level 5 in Hexes
  2246 | D:4      | Reached skill level 5 in Summonings
  2246 | D:4      | Reached skill level 5 in Necromancy
  2246 | D:4      | Reached skill level 5 in Translocations
  2246 | D:4      | Reached skill level 5 in Fire Magic
  2246 | D:4      | Reached skill level 5 in Ice Magic
  2246 | D:4      | Reached skill level 5 in Air Magic
  2246 | D:4      | Reached skill level 5 in Earth Magic
  2246 | D:4      | Reached skill level 5 in Alchemy
  2347 | D:4      | Found an ornate altar of the Wu Jian Council.
  2376 | D:4      | Noticed a lemure
  2486 | D:4      | Reached XP level 6. HP: 12/40 MP: 0/0
  2896 | D:4      | Reached XP level 7. HP: 37/45 MP: 0/0
  2896 | D:4      | Learned a level 3 spell: Teleport Other
  3321 | D:5      | Entered Level 5 of the Dungeon
  3424 | D:5      | Found a hide-covered altar of Uskayaw.
  3992 | D:6      | Reached XP level 8. HP: 33/50 MP: 0/0
  4115 | D:6      | Found a staircase to the Ecumenical Temple.
  4131 | Temple   | Found a transporter.
  4131 | Temple   | Found a transporter.
  4131 | Temple   | Found a transporter.
  4131 | Temple   | Found a transporter.
  4131 | Temple   | Entered the Ecumenical Temple
  4195 | D:6      | Noticed Jeremiah
  4206 | D:6      | Killed Jeremiah
  4328 | D:6      | Found a glowing silver altar of Zin.
  4735 | D:6      | Noticed Maggie
  4758 | D:6      | Killed Maggie
  4759 | D:6      | Reached XP level 9. HP: 29/55 MP: 0/0
  4759 | D:6      | Learned a level 4 spell: Ignite Poison
  5363 | D:7      | Reached skill level 10 in Spellcasting
  5363 | D:7      | Reached skill level 10 in Conjurations
  5363 | D:7      | Reached skill level 10 in Hexes
  5363 | D:7      | Reached skill level 10 in Summonings
  5363 | D:7      | Reached skill level 10 in Necromancy
  5363 | D:7      | Reached skill level 10 in Translocations
  5363 | D:7      | Reached skill level 10 in Fire Magic
  5363 | D:7      | Reached skill level 10 in Ice Magic
  5363 | D:7      | Reached skill level 10 in Air Magic
  5363 | D:7      | Reached skill level 10 in Earth Magic
  5363 | D:7      | Reached skill level 10 in Alchemy
  5969 | D:7      | Found Zaroal's Tremendous Tomes.
  6151 | D:4      | Noticed Pikel
  6157 | D:4      | Killed Pikel
  6158 | D:4      | Reached XP level 10. HP: 47/60 MP: 0/0
  6367 | D:3      | Killed Grinder
  6514 | D:2      | Bought a +1 cloak of willpower for 214 gold pieces
  6839 | D:8      | Reached skill level 1 in Fighting
  7363 | D:8      | Reached skill level 5 in Fighting
  7721 | D:8      | Reached XP level 11. HP: 73/76 MP: 0/0
  7721 | D:8      | Learned a level 4 spell: Passage of Golubria
  7784 | D:8      | Found Qakkenn's Assorted Antiques.
  8048 | D:8      | Found a burning altar of Makhleb.
  8053 | D:8      | Became a worshipper of Makhleb the Destroyer
  8603 | D:9      | Noticed a meliai
  8607 | D:9      | Killed a meliai
  8608 | D:9      | Noticed a centaur warrior
  8624 | D:9      | Killed a centaur warrior
  8624 | D:9      | Noticed a green ugly thing
  8935 | D:9      | Reached skill level 1 in Armour
  8935 | D:9      | Reached skill level 5 in Dodging
  8952 | D:9      | Reached * piety under Makhleb
  9348 | D:9      | Noticed a cyclops
  9357 | D:9      | Identified the ring of the Traitor {rElec rPois rN++ EV+5
                  | Int-5}
  9357 | D:9      | Noticed a centaur warrior
  9360 | D:10     | Entered Level 10 of the Dungeon
  9360 | D:10     | Noticed a two-headed ogre
  9368 | D:9      | Gained mutation: You are partially covered in iridescent
                  | scales. (AC +2) [potion of mutation]
  9369 | D:9      | Shot with an arrow by a centaur warrior

Illustrated notes

Levels and vault maps discovered:
D:1:      ncdulo_lavacross, layout_loops_ring, grunt_decor_cap
D:2:      layout_basic, serial_shops, shop
D:3:      layout_basic, nemelex_spade_bored_becter, jmf_multi_god_temple2,
          ebering_ecumenical_altar_webs, uniq_grinder, uniq_robin
D:4:      kennysheep_spiral_hall, layout_loops_corners,
          overflow_temple_1_default, uniq_pikel
D:5:      layout_rooms, lemuel_doored_altar, corexii_item_surrounded_by_moat
D:6:      layout_gridville, mainiacjoe_overflow_boulevard,
          minmay_temple_entry_overgrown, uniq_jeremiah, uniq_maggie
D:7:      layout_gridville, nicolae_shop_i_like_big_books, lightli_minifort
D:8:      layout_cave_pods, grunt_temple_overflow_lords_of_destruction,
          serial_shops, shop, dreamdust_princess_corridor,
          hangedman_abyss_or_decor_slice, st_stairs_7
D:9:      minmay_the_grid_triangle_9x9_recursive_2
          [minmay_the_grid_triangle_9x9_prize_special,
          minmay_the_grid_triangle_9x9_from_above,
          minmay_the_grid_triangle_9x9_longest,
          minmay_the_grid_triangle_9x9_sprig], layout_long_grid, uniq_psyche
D:10:     layout_rooms, grunt_gozag_breadcrumbs, tso_altar,
          nicolae_kikubaaqudgha_miasma_corner, gammafunk_ghost_necromancy
Temple:   hellmonk_temple_divided_pantheon

Skill      XL: |  1  2  3  4  5  6  7  8  9 10 11 |
---------------+----------------------------------+-----
Spellcasting   | 4 5 6 7 9 11 12 | 12.5
Conjurations   | 4 5 6 7 9 11 12 | 12.5
Hexes          | 4 5 6 7 9 11 12 | 12.5
Summonings     | 4 5 6 7 9 11 12 | 12.5
Necromancy     | 4 5 6 7 9 11 12 | 12.5
Translocations | 4 5 6 7 9 11 12 | 12.5
Fire Magic     | 4 5 6 7 9 11 12 | 12.5
Ice Magic      | 4 5 6 7 9 11 12 | 12.5
Air Magic      | 4 5 6 7 9 11 12 | 12.5
Earth Magic    | 4 5 6 7 9 11 12 | 12.5
Alchemy        | 4 5 6 7 9 11 12 | 12.5
Fighting       | 5 6 |  6.0
Dodging        | 5 |  5.0
Armour         | 2 |  2.5
Stealth        | |  1.5

Action                     |  1- 3 |  4- 6 |  7- 9 | 10-12 || total
---------------------------+-------+-------+-------+-------++-------
  Melee: Dagger            |       |     9 |       |       ||     9
         Staff             |       |       |     2 |       ||     2
   Cast: Magic Dart        |    34 |    33 |    24 |    12 ||   103
         Searing Ray       |    13 |    24 |    13 |     6 ||    56
         Iskenderun's Myst |       |     2 |    20 |    27 ||    49
         Fulminant Prism   |       |       |    42 |    58 ||   100
    Use: Scroll            |       |       |     2 |       ||     2
         Potion            |       |       |       |     3 ||     3
 Armour: Robe              |     1 |    32 |     4 |       ||    37
         Steam dragon scal |       |       |     6 |    10 ||    16
  Dodge: Dodged            |     1 |    29 |    12 |     9 ||    51
